 Dungeon Crawl Stone Soup version 0.29.1-2-gbd0b4ee654 (webtiles) character file.

Game seed: 1349002024673346071

1361 GreyOathDragon the Chiller (level 8, 0/50 (52) HPs)
             Began as a Demonspawn Ice Elementalist on Nov 30, 2022.
             Slain by a hell rat (2 damage)
             ... on level 6 of the Dungeon.
             The game lasted 00:35:57 (8243 turns).

GreyOathDragon the Chiller (DsIE)                   Turns: 8243, Time: 00:35:58

HP:   0/50 (52)     AC:  6    Str: 10    XL:     8   Next: 37%
MP:   0/14          EV: 11    Int: 24    God:
Gold: 306           SH:  0    Dex: 13    Spells: 11/15 levels left

rFire   + . .      SeeInvis .     - Unarmed
rCold   . . .      Faith    .   (no shield)
rNeg    . . .      Spirit   .   e - +1 ring mail {rF+}
rPois   +          Reflect  .   (no helmet)
rElec   .          Harm     .   (no cloak)
rCorr   .          Rampage  .   (no gloves)
Will    .....                   (no boots)
Stlth   +.........              (no amulet)
HPRegen 0.16/turn               f - +6 ring of intelligence
MPRegen 0.14/turn               h - ring of poison resistance

@: about to teleport, lightly drained
A: demonic magic 1, demonic touch 2
a: no special abilities


You were on level 6 of the Dungeon.
You visited 1 branch of the dungeon, and saw 6 of its levels.

You collected 306 gold pieces.

Inventory:

Hand Weapons
 d - a +0 club
 k - a +2 trident of freezing
 p - a +1 mace of protection
Missiles
 G - a throwing net
Armour
 a - a +0 robe
 e - a +1 ring mail of fire resistance (worn)
 l - a +0 scale mail
 n - a +0 chain mail
 s - a +0 helmet
Magical Staves
 y - a staff of cold
Jewellery
 f - a +6 ring of intelligence (left hand)
 h - a ring of poison resistance (right hand)
 i - a ring of protection from cold
Wands
 C - a wand of roots (6)
 J - a wand of charming (8)
Scrolls
 c - 2 scrolls of teleportation
 g - a scroll of summoning {unknown}
 m - 2 scrolls of noise {unknown}
 o - a scroll of amnesia {unknown}
 u - 2 scrolls of fog {unknown}
 x - 3 scrolls of identify
 A - a scroll of blinking {unknown}
 B - 2 scrolls of magic mapping {unknown}
 D - a scroll of acquirement {unknown}
 E - 2 scrolls of fear {unknown}
Potions
 b - 2 potions of magic
 j - 2 potions of lignification
 q - 2 potions of degeneration {unknown}
 r - 2 potions of curing {unknown}
 t - 2 potions of haste
 v - a potion of might {unknown}
 w - a potion of brilliance
 z - 2 potions of mutation {unknown}
 F - a potion of flight {unknown}
 H - a potion of ambrosia {unknown}
 I - a potion of attraction {unknown}


   Skills:
 + Level 3.5 Armour
 + Level 4.2 Dodging
 - Level 2.0 Stealth
 + Level 3.4 Unarmed Combat
 + Level 4.4 Spellcasting
 + Level 3.4 Conjurations
 + Level 5.3 Ice Magic


You had 11 spell levels left.
You knew the following spells:

 Your Spells              Type           Power      Damage    Failure   Level
a - Freeze                Ice            100%       1d11      2%          1
b - Magic Dart            Conj           84%        1d7       5%          1
c - Searing Ray           Conj           42%        2d6       9%          2

Your spell library contained the following spells:

 Spells                   Type           Power      Damage    Failure   Level
 Frozen Ramparts          Ice            62%        1d10      8%          3
 Ozocubu's Armour         Ice            31%        N/A       8%          3
 Ensorcelled Hibernation  Hex/Ice        36%        N/A       12%         2
 Blink                    Tloc           10%        N/A       34%         2
 Hailstorm                Conj/Ice       26%        3d7       36%         4
 Spider Form              Tmut/Pois      5%         N/A       56%         3
 Fulminant Prism          Conj/Hex       6%         3d7       75%         4
 Anguish                  Hex/Necr       2%         N/A       92%         4
 Cause Fear               Hex            2%         N/A       92%         4
 Manifold Assault         Tloc           5%         N/A       99%         5
 Dragon Form              Tmut           2%         N/A       100%        7
 Storm Form               Tmut/Air       2%         N/A       100%        7
 Dragon's Call            Summ           2%         N/A       100%        9


Dungeon Overview and Level Annotations

Branches:
Dungeon (6/15)             Temple (0/1) D:6

Altars:
Ashenzari
Dithmenos
Gozag
Qazlal
Ru
Sif Muna
Trog
Xom

Shops:
D:1 (


Innate Abilities, Weirdness & Mutations

Spells you cast may paralyse adjacent enemies.
Your touch may inflict irresistible damage on your foes.


Message History

Aiming: Freeze (safe; 2% risk of failure)
Press: ? - help, Shift-Dir - straight line, f/p - hell rat
Aim: a hell rat (heavily wounded)
You freeze the hell rat.
The hell rat is severely wounded.
Malevolent energies surge around you. The hell rat bites you!
* * * LOW HITPOINT WARNING * * *
You feel drained.
* * * LOW HITPOINT WARNING * * *
Casting: Freeze (safe; 2% risk of failure)
Confirm with . or Enter, or press ? or * to list all spells.
Aiming: Freeze (safe; 2% risk of failure)
Press: ? - help, Shift-Dir - straight line, f/p - hell rat
Aim: a hell rat (severely wounded)
You freeze the hell rat!
You kill the hell rat!
Malevolent energies surge around you.
Casting: Freeze (safe; 2% risk of failure)
Confirm with . or Enter, or press ? or * to list all spells.
Aiming: Freeze (safe; 2% risk of failure)
Press: ? - help, Shift-Dir - straight line, f - hell rat
Aim: a hell rat You freeze the hell rat.
The hell rat is lightly wounded.
Malevolent energies surge around you.
The hell rat suddenly stops moving!
The hell rat is no longer paralysed.
As you read the scroll of teleportation, it crumbles to dust.
You feel strangely unstable. The hell rat bites you.
* * * LOW HITPOINT WARNING * * *
Casting: Freeze (safe; 2% risk of failure)
Confirm with . or Enter, or press ? or * to list all spells.
Aiming: Freeze (safe; 2% risk of failure)
Press: ? - help, Shift-Dir - straight line, f/p - hell rat
Aim: a hell rat (lightly wounded)
You freeze the hell rat!
The hell rat is severely wounded.
Malevolent energies surge around you.
The hell rat twitches its whiskers.
The hell rat bites you.
You die...

####........#.#
#....#......#.#
..#########...#
###.#...#.###.#####
†..#.###.#..##....#
###### #####.##...#
## ##†###.# .##
##..### #.## ###@#
.## r. ##r## ##
#r### ###r#†#
.##...#...##rr####
..# #..r.r†r###
..########### ##.#
...# ####


You could see 2 hell rats and 3 river rats.

Vanquished Creatures
  A water moccasin (D:5)
  A black bear (D:6)
  2 phantoms
  4 necrophages
  A howler monkey (D:6)
  2 hounds
  2 jellies
  An orc priest (D:5)
  Jessica (D:2)
  3 iguanas
  2 orc wizards
  3 hell rats (D:6)
  10 adders
  5 gnolls
  9 river rats (D:6)
  A white imp (D:6)
  2 worms
  11 dart slugs
  13 orcs
  3 ball pythons
  8 endoplasms
  3 giant cockroaches
  7 goblins
  10 hobgoblins
  5 jackals
  4 kobolds
  11 quokkas
  A bat (D:1)
  2 frilled lizards (D:2)
  8 rats
136 creatures vanquished.

Vanquished Creatures (others)
  3 plants (D:5)
3 creatures vanquished.

Grand Total: 139 creatures vanquished

Notes
Turn   | Place    | Note
-------+----------+-------------------------------------------
     0 | D:1      | GreyOathDragon the Demonspawn Ice Elementalist began the
                  | quest for the Orb.
     0 | D:1      | Reached XP level 1. HP: 13/13 MP: 3/3
   320 | D:1      | Discovered your monstrous ancestry.
   320 | D:1      | Gained mutation: Your touch may inflict minor irresistible
                  | damage on your foes. [demonic ancestry]
   320 | D:1      | Reached XP level 2. HP: 15/19 MP: 1/5
   465 | D:1      | Found Raduseir's Weapon Boutique.
  1315 | D:1      | Reached XP level 3. HP: 20/24 MP: 4/6
  1916 | D:2      | Reached skill level 1 in Armour
  1974 | D:2      | Reached skill level 4 in Ice Magic
  2086 | D:2      | Found a broken altar of Ashenzari.
  2091 | D:2      | Noticed Jessica
  2095 | D:2      | Killed Jessica
  2096 | D:2      | Reached skill level 1 in Unarmed Combat
  2096 | D:2      | Reached XP level 4. HP: 28/30 MP: 4/7
  2554 | D:2      | You fall into a shaft and drop 2 floors!
  2564 | D:4      | Noticed a necrophage
  2571 | D:4      | Noticed a necrophage
  2773 | D:3      | Learned a level 1 spell: Magic Dart
  2997 | D:3      | Gained mutation: Your touch may inflict irresistible damage
                  | on your foes. [demonic ancestry]
  2997 | D:3      | Reached XP level 5. HP: 26/35 MP: 0/9
  3686 | D:3      | Found an opulent altar of Gozag.
  4017 | D:4      | Reached skill level 1 in Conjurations
  4017 | D:4      | Reached XP level 6. HP: 19/41 MP: 0/10
  4749 | D:4      | Found a stormy altar of Qazlal.
  5129 | D:5      | Entered Level 5 of the Dungeon
  5826 | D:5      | Gained mutation: Spells you cast may paralyse adjacent
                  | enemies. [demonic ancestry]
  5826 | D:5      | Reached XP level 7. HP: 46/46 MP: 7/12
  6198 | D:5      | Found a bloodstained altar of Trog.
  6381 | D:5      | Found a shimmering altar of Xom.
  6422 | D:5      | Found a shimmering blue altar of Sif Muna.
  6423 | D:5      | Found a shadowy altar of Dithmenos.
  7190 | D:5      | Reached skill level 5 in Ice Magic
  7346 | D:5      | Learned a level 2 spell: Searing Ray
  7443 | D:6      | Found a sacrificial altar of Ru.
  7599 | D:6      | Found a staircase to the Ecumenical Temple.
  7621 | D:6      | Reached XP level 8. HP: 46/52 MP: 11/14
  7678 | D:6      | Identified the +0 ring mail of the Moon {Will- Dex+6
                  | Stlth+}
  8242 | D:6      | HP: 1/50 [hell rat (4)]
  8243 | D:6      | Slain by a hell rat

Illustrated notes

Levels and vault maps discovered:
D:1:      onia_arrival_pentagram, layout_basic, serial_shops, shop
D:2:      layout_rooms, basic_altar, cheibrodos_gnoll_hut, uniq_jessica
D:3:      layout_loops_cross, general_overflow_altar, kennysheep_generic_room_8
D:4:      kennysheep_slugbush, layout_loops_cross,
          mainiacjoe_overflow_concentric_impassable, minmay_pentomino_pile
D:5:      layout_basic, lemuel_doored_altar,
          gammafunk_temple_overflow_forgotten, chequers_serial_rivers_small_3,
          corexii_shack
D:6:      wander_guarded_unrand_ratskin, layout_rooms,
          nicolae_ru_the_path_less_chosen, kennysheep_little_box,
          minmay_temple_entry_junction_2, chequers_serial_rivers_marsh

Skill      XL: |  1  2  3  4  5  6  7  8 |
---------------+-------------------------+-----
Stealth        | 2 |  2.0
Dodging        | 2 3 4 |  4.2
Armour         | 1 2 3 |  3.5
Ice Magic      | 4 5 |  5.3
Unarmed Combat | 1 2 3 |  3.4
Spellcasting   | 3 4 |  4.4
Conjurations   | 1 2 3 |  3.4

Action                   |  1- 3 |  4- 6 |  7- 9 || total
-------------------------+-------+-------+-------++-------
Melee: Club              |     8 |       |       ||     8
       Unarmed           |    61 |   132 |   131 ||   324
       Touch             |    13 |    20 |    22 ||    55
       Punch             |       |     4 |     1 ||     5
 Cast: Freeze            |    42 |    62 |    52 ||   156
       Magic Dart        |       |    36 |    30 ||    66
       Searing Ray       |       |       |     5 ||     5
  Use: Scroll            |     1 |     3 |     1 ||     5
       Potion            |       |       |     1 ||     1
 Stab: Paralysed         |       |       |    34 ||    34
       Sleeping          |       |       |     1 ||     1
Armor: Ring mail         |    43 |    76 |    67 ||   186
Dodge: Dodged            |    60 |   115 |    74 ||   249
